 Dungeon Crawl Stone Soup version 0.19.1-1-g22dce08 (webtiles) character file.

39482 Mefis the Thaumaturge (level 13, -15/74 HPs)
             Began as a Deep Elf Wizard on Jan 20, 2017.
             Was a Believer of Sif Muna.
             Demolished by a reaper
             ... wielding a +2 scythe of protection
              (31 damage)
             ... on level 3 of the Abyss.
             The game lasted 02:01:33 (33225 turns).

Mefis the Thaumaturge (Deep Elf Wizard)            Turns: 33225, Time: 02:01:34

Health: -15/74     AC:  5    Str:  2    XL:     13   Next: 69%
Magic:  54/57      EV: 15    Int: 34    God:    Sif Muna [**....]
Gold:   251        SH:  0    Dex:  7    Spells: 11 memorised, 0 levels left

rFire  + . .     SeeInvis .     a - +9 rapier "Hydra's Peril" {drain, rElec MP+9 Int+5 Dex-2}
rCold  . . .     Gourm    .     t - +2 robe {Archmagi}
rNeg   . . .     Faith    +     (no shield)
rPois  .         Spirit   .     i - +0 helmet
rElec  +         Reflect  .     (no cloak)
rCorr  .         Harm     .     A - +0 pair of gloves
MR     +....                    (no boots)
Stlth  +++.......               s - amulet of faith
                                g - ring of magical power
                                v - ring of magical power

@: recuperating, badly diseased, deflect missiles
A: hooves 1, clumsy 2, deformed body, fire resistance 1, low mp 1, electricity
resistance, weak 1
a: Divine Energy, Renounce Religion


You were on level 3 of the Abyss.
You worshipped Sif Muna.
Sif Muna was pleased with you.
You were hungry.

You visited 3 branches of the dungeon, and saw 19 of its levels.
You visited the Abyss 2 times.

You collected 1107 gold pieces.
You spent 856 gold pieces at shops.

Inventory:

Hand Weapons
 a - the +9 rapier "Hydra's Peril" (weapon) {drain, rElec MP+9 Int+5 Dex-2}
   (You found it on level 10 of the Dungeon)

   A truly terrible weapon, it drains the life of those it strikes.
   It affects your intelligence (+5).
   It affects your dexterity (-2).
   It insulates you from electricity.
   It affects your magic capacity (+9).
 b - the +3 hunting sling of Yplyol Posu {freeze, SInv}
   (You took it off a crimson imp on level 8 of the Dungeon)

   It causes projectiles fired from it to freeze those they strike, causing
   extra injury to most foes and up to half again as much damage against
   particularly susceptible opponents.
   They can also slow down cold-blooded creatures.
   It lets you see invisible.
 Z - a +0 blowgun
Missiles
 n - 12 curare-tipped needles
 r - 4 needles of confusion
 u - 68 poisoned needles
Armour
 i - a +0 helmet (worn)
 t - a +2 robe of the Archmagi (worn)
 w - a +0 helmet
 A - a +0 pair of gloves (worn)
Magical Staves
 Q - an uncursed staff of energy
Jewellery
 g - a ring of magical power (right hand)
 s - an amulet of faith (around neck)
 v - a ring of magical power (left hand)
 z - an uncursed ring of resist corrosion
 L - an uncursed ring of see invisible
 N - the amulet "Yze Dapt" {Harm *Drain Int+2}
   (You found it on level 1 of the Abyss)

   [amulet of harm]

   It increases damage dealt and taken.
   It affects your intelligence (+2).
   It causes draining when unequipped.
Wands
 c - a wand of acid (0/15)
 e - a wand of paralysis (7/24)
 x - a wand of iceblast (4/15)
 y - a wand of acid (8/15)
 H - a wand of confusion (27/48)
 M - a wand of random effects (20/48)
 S - a wand of acid (4/15)
 T - a wand of iceblast (3/15)
 U - a wand of acid (10/15)
Scrolls
 j - 6 scrolls of remove curse
 k - a scroll of noise
 l - 3 scrolls of recharging
 m - 4 scrolls of immolation
 o - 2 scrolls of fog
 p - a scroll of teleportation
 P - a scroll of enchant armour
Potions
 h - 8 potions of curing
 q - a potion of brilliance
 B - a potion of agility
 E - a potion of cancellation {unknown}
 I - 2 potions of magic
 K - a potion of invisibility {unknown}
 O - a potion of berserk rage {unknown}
Miscellaneous
 V - a crystal ball of energy
Comestibles
 d - 13 bread rations
 f - a slice of pizza
 C - 3 beef jerkies
 F - 36 fruits
 G - a meat ration


   Skills:
 + Level 5.7 Fighting
 + Level 9.0 Dodging
 - Level 6.1 Stealth
 * Level 14.2 Spellcasting
 + Level 8.7 Conjurations
 - Level 9.9 Hexes
 - Level 8.6 Charms
 - Level 6.7 Summonings
 + Level 3.6 Necromancy
 - Level 1.1 Translocations
 - Level 7.1 Air Magic
 + Level 4.2 Poison Magic
 + Level 6.4 Invocations
 + Level 6.9 Evocations


You couldn't memorise any spells.
You knew the following spells:

 Your Spells              Type           Power        Failure   Level  Hunger
b - Summon Butterflies    Summ           #######.     1%          1    None
c - Blink                 Tloc           N/A          1%          2    None
e - Mephitic Cloud        Conj/Pois/Air  #######.     1%          3    None
g - Slow                  Hex            #######.     1%          2    None
m - Summon Lightning Spi  Summ/Air       #######.     1%          4    None
n - Summon Ice Beast      Ice/Summ       ######..     6%          4    None
o - Deflect Missiles      Chrm/Air       #######...   14%         6    ###....
p - Regeneration          Chrm/Necr      #######...   1%          3    None
q - Metabolic Englaciati  Hex/Ice        ######....   8%          5    None
v - Invisibility          Hex            #######.     4%          6    ###....
w - Olgreb's Toxic Radia  Pois           ######..     3%          4    None


Dungeon Overview and Level Annotations

Branches:
Dungeon (12/15)            Temple (1/1) D:6            Lair (6/6) D:10
 Shoals (0/4) Lair:3       Spider (0/4) Lair:4          Orc (0/2) D:9
  Slime: Lair:5-6

Altars:
Ashenzari
Cheibriados
Dithmenos
Elyvilon
Fedhas
Gozag
Hepliaklqana
Kikubaaqudgha
Makhleb
Nemelex Xobeh
Okawaru
Qazlal
Ru
Sif Muna
Trog
Uskayaw
Vehumet
Xom
Yredelemnul
Zin
The Shining One

Shops:
D:4 [   D:9 (   D:10 !

Annotations:
D:6 2 exclusions
Lair:4 Sonja
Lair:5 starcursed, exclusions: downstairs and oklob plant


Innate Abilities, Weirdness & Mutations

You have large cloven feet.
You are very clumsy. (Dex -4)
Armour fits poorly on your strangely shaped body.
Your flesh is heat resistant. (rF+)
Your magical capacity is low. (-10% MP)
You are resistant to electric shocks. (rElec)
You are weak. (Str -2)


Message History

The raiju bursts into living lightning!
The living lightning misses you.
The raiju blinks!
You feel ill.
A large abomination and a skeleton come into view.
The large abomination moves out of view.
A small abomination comes into view.
A reaper and a starcursed mass come into view.
The reaper is wielding a scythe of protection.
The starcursed mass shrieks in your mind.
The reaper hits you from afar with a scythe of protection!
* * * LOW HITPOINT WARNING * * *
A starcursed mass splits.
Okay, then.
Evoke which item? (* to show all) (? for menu, Esc to quit)
Okay, then.
Casting: Metabolic Englaciation
Confirm with . or Enter, or press ? or * to list all spells.
You feel a surge of power!
Your skin crawls.
The reaper hits you from afar with a scythe of protection!!
You die...

# ....... ...# #
..........#
.#.........#
####........X.. ##
...##......# .# #
#..#......#### .##.#
##............# ).. #
##.#.h........## ##.##
#...#..x..@...# .
#h.###..#............#
. #.
#...##...2.....#... .
..x##..##.........# ..
#. ...#..###......##..
####. ###.##......#
..# #.#h ..##........
## #... #..# .........
###.#.. ...h. .


You could see a starcursed mass, a reaper, an ancient zyme and a raiju.

Vanquished Creatures
  Gastronok (Lair:1)
  A death yak (Lair:5)
  A thrashing horror (D:11)
  Urug (D:11)
  The ghost of Mefis the Thaumaturge, a novice DEWz of Sif Muna (D:11)
  An unseen horror (D:10)
  3 hill giants (D:11)
  Pikel (D:9)
  A cyclops (D:10)
  The ghost of dscm the Sneak, a novice OpMo (D:6)
  Joseph (D:9)
  2 black mambas
  5 elephants (Lair:3)
  2 spiny frogs
  A kobold demonologist (D:11)
  2 komodo dragons
  2 trolls
  3 polar bears
  A hornet (D:8)
  A snapping turtle (Lair:3)
  8 hippogriffs
  2 wyverns
  A redback (Lair:4)
  44 yaks
  A hungry ghost (D:11)
  Grum (D:9)
  2 basilisks
  The ghost of dscm the Sneak, an amateur OpWn (D:4)
  3 wargs
  9 water moccasins
  A soldier ant (D:11)
  9 porcupines
  A hornet zombie (D:7)
  11 orc warriors
  3 black bears
  4 ice beasts
  4 phantoms
  3 sky beasts
  A necrophage (D:10)
  9 ogres
  2 eyes of draining (D:11)
  9 boggarts
  15 wolves
  9 crocodiles
  14 centaurs
  2 big kobolds
  17 bullfrogs
  42 killer bees
  4 wights
  5 electric eels
  4 howler monkeys
  6 crimson imps
  A centaur zombie (D:7)
  15 orc priests
  3 jellies
  2 bullfrog skeletons
  8 hounds
  13 orc wizards
  2 centaur skeletons
  5 iguanas
  7 worker ants
  3 hound zombies
  2 hound skeletons (D:4)
  2 worker ant zombies
  4 gnolls
  27 adders
  5 shadow imps
  2 oozes
  A worm (D:2)
  5 leopard geckos
  69 orcs
  8 giant cockroaches
  12 goblins
  10 hobgoblins
  4 jackals
  14 kobolds
  6 quokkas
  10 ball pythons
  10 bats
  2 frilled lizards
  A leopard gecko skeleton (D:5)
  A leopard gecko zombie (D:5)
  4 quokka skeletons
  3 rats
  A fungus (Lair:2)
541 creatures vanquished.

Vanquished Creatures (collateral kills)
  2 tentacled starspawn
  A hydra (Lair:5)
  5 death yaks (Lair:5)
  A thrashing horror (Lair:4)
  An ugly thing (D:11)
  2 komodo dragons
  An ancient zyme (Lair:4)
  6 dream sheep (Lair:5)
  2 yaks (D:10)
  A water moccasin (D:6)
  A wolf (D:10)
  A bullfrog (D:6)
  A gnoll sergeant (D:10)
  12 killer bees
  A worker ant (D:4)
  A worm (D:2)
  3 orcs
  A hobgoblin (D:6)
  A kobold (D:6)
  A starspawn tentacle (D:11)
45 creatures vanquished.

Vanquished Creatures (others)
  4 slaves (D:9)
  2 killer bees (Lair:1)
  A leopard gecko (D:9)
  2 orcs (D:9)
  18 fungi
  10 plants
  11 starspawn tentacles
48 creatures vanquished.

Grand Total: 634 creatures vanquished

Notes
Turn   | Place    | Note
-------+----------+-------------------------------------------
     0 | D:1      | Mefis the Deep Elf Wizard began the quest for the Orb.
     0 | D:1      | Reached XP level 1. HP: 10/10 MP: 7/7
   248 | D:1      | Reached XP level 2. HP: 15/15 MP: 6/9
   252 | D:1      | Learned a level 2 spell: Call Imp
   255 | D:1      | Learned a level 2 spell: Blink
   258 | D:1      | Learned a level 2 spell: Repel Missiles
  1034 | D:2      | Reached skill level 5 in Spellcasting
  1232 | D:2      | Reached XP level 3. HP: 16/19 MP: 4/11
  1294 | D:2      | Learned a level 3 spell: Mephitic Cloud
  1470 | D:2      | Reached skill level 1 in Air Magic
  1618 | D:2      | Reached XP level 4. HP: 24/24 MP: 3/13
  1623 | D:2      | Learned a level 3 spell: Conjure Flame
  2416 | D:2      | Reached skill level 1 in Poison Magic
  2479 | D:3      | Found a basalt altar of Yredelemnul.
  2628 | D:3      | Reached XP level 5. HP: 20/28 MP: 6/15
  2632 | D:3      | Learned a level 2 spell: Slow
  3256 | D:3      | Reached skill level 6 in Spellcasting
  3901 | D:4      | Noticed a phantom
  3948 | D:4      | Killed a phantom
  3948 | D:4      | Reached skill level 1 in Hexes
  3948 | D:4      | Reached XP level 6. HP: 26/32 MP: 1/17
  4333 | D:4      | Found Anwen's Antique Armour Emporium.
  4343 | D:4      | Bought a runed robe for 194 gold pieces
  4435 | D:4      | Noticed dscm's ghost (amateur OpWn)
  4450 | D:4      | Killed dscm's ghost
  4539 | D:4      | Reached XP level 7. HP: 35/36 MP: 16/19
  4852 | D:4      | Reached skill level 7 in Spellcasting
  4988 | D:4      | Found a white marble altar of Elyvilon.
  5174 | D:5      | Entered Level 5 of the Dungeon
  5580 | D:5      | Got a crude spear
  5607 | D:5      | Identified the +2 spear "Voxt" {freeze, rF+ MR+ Str+3 Dex+4} (You found it on level 5 of the Dungeon)
  6572 | D:5      | Reached skill level 1 in Fighting
  6572 | D:5      | Reached XP level 8. HP: 43/43 MP: 21/21
  6721 | D:5      | Reached skill level 5 in Stealth
  6721 | D:5      | Reached skill level 8 in Spellcasting
  7095 | D:5      | Reached skill level 1 in Charms
  7307 | D:6      | Found an iron altar of Okawaru.
  7550 | D:6      | Reached skill level 5 in Dodging
  7812 | D:6      | Noticed dscm's ghost (novice OpMo)
  7848 | D:6      | Killed dscm's ghost
  7848 | D:6      | Reached skill level 9 in Spellcasting
  7848 | D:6      | Reached skill level 5 in Hexes
  7848 | D:6      | Reached XP level 9. HP: 43/48 MP: 24/24
  8335 | D:6      | Found a staircase to the Ecumenical Temple.
  8344 | Temple   | Entered the Ecumenical Temple
  8392 | Temple   | Became a worshipper of Sif Muna the Loreminder
  8934 | D:7      | Reached skill level 5 in Conjurations
  9897 | D:7      | Reached * piety under Sif Muna
 10431 | D:7      | Reached skill level 10 in Spellcasting
 10431 | D:7      | Reached skill level 1 in Invocations
 10716 | D:8      | Reached skill level 1 in Evocations
 10716 | D:8      | Reached XP level 10. HP: 51/54 MP: 18/26
 10914 | D:8      | Reached skill level 5 in Air Magic
 11022 | D:8      | Got a polished hunting sling
 11023 | D:8      | Identified the +3 hunting sling of Yplyol Posu {freeze, SInv} (You took it off a crimson imp on level 8 of the Dungeon)
 11193 | D:8      | Found a hazy altar of Hepliaklqana.
 11196 | D:8      | Found a sparkling altar of Nemelex Xobeh.
 12301 | D:8      | Reached ** piety under Sif Muna
 12534 | D:8      | Found a blossoming altar of Fedhas.
 12534 | D:8      | Found a shadowy altar of Dithmenos.
 12534 | D:8      | Found a shimmering altar of Xom.
 12563 | D:9      | Noticed Joseph
 12706 | D:9      | Found Plog's Weapon Shop.
 12706 | D:9      | Found a staircase to the Orcish Mines.
 12745 | D:9      | Noticed Pikel
 12750 | D:9      | Killed Joseph
 12750 | D:9      | Reached skill level 5 in Charms
 12755 | D:9      | Killed Pikel
 13422 | D:9      | Reached skill level 5 in Summonings
 13423 | D:9      | Reached skill level 11 in Spellcasting
 13706 | D:9      | Reached *** piety under Sif Muna
 13891 | D:9      | Noticed Grum
 13923 | D:9      | Killed Grum
 14303 | D:9      | Reached XP level 11. HP: 60/60 MP: 28/28
 14737 | D:10     | Entered Level 10 of the Dungeon
 14995 | D:10     | Found Nyaciurr's Distillery.
 14996 | D:10     | Got a faintly glowing rapier
 14997 | D:10     | Identified the +9 rapier "Hydra's Peril" {drain, rElec MP+9 Int+5 Dex-2} (You found it on level 10 of the Dungeon)
 15169 | D:10     | Bought a potion of heal wounds for 65 gold pieces
 15169 | D:10     | Bought a potion of magic for 104 gold pieces
 15915 | D:10     | Reached **** piety under Sif Muna
 16265 | D:10     | Found a staircase to the Lair.
 16599 | D:11     | Learned a level 3 spell: Tukima's Dance
 16601 | D:11     | Learned a level 1 spell: Summon Butterflies
 16608 | D:11     | Learned a level 6 spell: Invisibility
 16998 | D:11     | Noticed Urug
 17027 | D:11     | Killed Urug
 17309 | D:11     | Noticed Mefis's ghost (novice DEWz)
 17326 | D:11     | Killed Mefis's ghost
 17555 | D:11     | Noticed a hill giant
 17783 | D:10     | Reached ***** piety under Sif Muna
 17810 | Lair:1   | Entered Level 1 of the Lair of Beasts
 17830 | D:10     | Reached skill level 12 in Spellcasting
 17954 | D:10     | Reached skill level 5 in Evocations
 18273 | D:10     | Reached XP level 12. HP: 49/66 MP: 30/30
 18324 | D:10     | Received a gift from Sif Muna
 18439 | D:10     | Learned a level 4 spell: Summon Lightning Spire
 18444 | D:10     | Learned a level 4 spell: Summon Ice Beast
 20078 | Lair:1   | Noticed Gastronok
 20101 | Lair:1   | Killed Gastronok
 21447 | Lair:2   | Found a dark tunnel.
 21757 | Lair:2   | Noticed Sonja
 22806 | Lair:2   | Reached skill level 13 in Spellcasting
 23095 | Lair:3   | You fall through a shaft for 3 floors!
 23095 | Lair:6   | Entered Level 6 of the Lair of Beasts
 23098 | Lair:6   | Noticed an eight-headed hydra
 23214 | Lair:5   | Noticed a death yak
 23215 | Lair:5   | Noticed a seven-headed hydra
 23224 | Lair:5   | Noticed a death yak
 23224 | Lair:5   | Noticed a death yak
 23460 | Lair:4   | Found a hole to the Spider Nest.
 23542 | Lair:4   | Reached skill level 5 in Invocations
 23651 | Lair:4   | Identified Sif Muna's Guide on Vitriolic Aid (Sif Muna gifted it to you on level 4 of the Lair of Beasts)
 23651 | Lair:4   | Received a gift from Sif Muna
 23661 | Lair:4   | Learned a level 6 spell: Deflect Missiles
 23668 | Lair:4   | Learned a level 3 spell: Regeneration
 23730 | Lair:4   | Learned a level 4 spell: Olgreb's Toxic Radiance
 24081 | Lair:4   | Reached skill level 5 in Fighting
 25335 | Lair:3   | Found a deep blue altar of Sif Muna.
 25414 | Lair:3   | Reached XP level 13. HP: 65/72 MP: 32/32
 25427 | Lair:3   | Reached skill level 1 in Necromancy
 26597 | Lair:3   | Found a staircase to the Shoals.
 27892 | Lair:4   | Cast into level 1 of the Abyss (Sonja)
 27899 | Abyss:1  | Got a glittering ruby amulet
 27902 | Abyss:1  | Identified the amulet "Yze Dapt" {Harm *Drain Int+2} (You found it on level 1 of the Abyss)
 27930 | Abyss:1  | Found a corrupted altar of Lugonu.
 27958 | Abyss:1  | Fell from the grace of Sif Muna
 27958 | Abyss:1  | Became a worshipper of Lugonu the Unformed
 27958 | Abyss:1  | Reached * piety under Lugonu
 27959 | Lair:4   | Escaped the Abyss
 28305 | Lair:3   | Fell from the grace of Lugonu
 28305 | Lair:3   | Became a worshipper of Sif Muna the Loreminder
 28421 | Lair:4   | Noticed a tentacled starspawn
 28734 | Lair:4   | Killed a tentacled starspawn
 29484 | Lair:5   | Noticed a starcursed mass
 29491 | Lair:5   | Paralysed by accursed screaming for 1 turns
 29545 | Lair:4   | Gained mutation: You tend to lose your temper in combat. [mutagenic glow]
 30548 | Lair:6   | Reached skill level 14 in Spellcasting
 30685 | Lair:6   | Gained mutation: You are dopey. (Int -2) [mutagenic glow]
 30722 | Lair:6   | Gained mutation: You are clumsy. (Dex -2) [mutagenic glow]
 30747 | Lair:6   | HP: 2/73 [blink frog (14)]
 30751 | Lair:6   | Gained mutation: You are very clumsy. (Dex -4) [mutagenic glow]
 30782 | Lair:5   | Found a hide-covered altar of Uskayaw.
 30798 | Lair:5   | Gained mutation: You are weak. (Str -2) [mutagenic glow]
 30867 | Lair:4   | Gained mutation: You often lose your temper in combat. [mutagenic glow]
 31430 | Lair:1   | Learned a level 5 spell: Metabolic Englaciation
 31478 | D:10     | Bought a potion of cure mutation for 325 gold pieces
 31478 | D:10     | Bought a potion of agility for 52 gold pieces
 31478 | D:10     | Bought a potion of agility for 52 gold pieces
 31478 | D:10     | Lost mutation: You are weak. (Str -2) [potion of cure mutation]
 31478 | D:10     | Lost mutation: You are dopey. (Int -2) [potion of cure mutation]
 31478 | D:10     | Lost mutation: You often lose your temper in combat. [potion of cure mutation]
 31478 | D:10     | Lost mutation: You tend to lose your temper in combat. [potion of cure mutation]
 32025 | D:11     | Noticed a tentacled starspawn
 32041 | D:11     | Killed a tentacled starspawn
 32057 | D:11     | Gained mutation: Your spells are a little easier to cast, but a little less powerful. [mutagenic glow]
 32099 | D:11     | Gained mutation: Armour fits poorly on your strangely shaped body. [mutagenic glow]
 32131 | D:11     | Gained mutation: Your body sometimes deteriorates upon taking damage. [mutagenic glow]
 32734 | D:12     | Gained mutation: You are resistant to electric shocks. (rElec) [mutagenic meat]
 32735 | D:12     | Gained mutation: Your natural rate of healing is unusually fast. [mutagenic meat]
 32736 | D:12     | Gained mutation: Your flesh is heat resistant. (rF+) [mutagenic meat]
 32737 | D:12     | Gained mutation: You are weak. (Str -2) [mutagenic meat]
 32812 | D:10     | Bought a potion of mutation for 32 gold pieces
 32812 | D:10     | Bought a potion of mutation for 32 gold pieces
 32812 | D:10     | Lost mutation: Your body sometimes deteriorates upon taking damage. [potion of mutation]
 32812 | D:10     | Lost mutation: Your natural rate of healing is unusually fast. [potion of mutation]
 32812 | D:10     | Lost mutation: Your spells are a little easier to cast, but a little less powerful. [potion of mutation]
 32813 | D:10     | Gained mutation: Your magical capacity is low. (-10% MP) [potion of mutation]
 32853 | Lair:1   | Gained mutation: Your system is resistant to poisons. (rPois) [potion of mutation]
 32853 | Lair:1   | Gained mutation: You have large cloven feet. [potion of mutation]
 32854 | Lair:1   | Lost mutation: Your system is resistant to poisons. (rPois) [potion of mutation]
 33064 | D:12     | Cast into level 3 of the Abyss (Lugonu's touch)
 33137 | Abyss:3  | Noticed a tentacled starspawn
 33221 | Abyss:3  | Noticed a reaper
 33221 | Abyss:3  | Noticed a starcursed mass
 33225 | Abyss:3  | Demolished by a reaper

Skill      XL: |  1  2  3  4  5  6  7  8  9 10 11 12 13 |
---------------+----------------------------------------+-----
Spellcasting   | 5 6 7 9 10 11 12 13 14 | 14.2
Conjurations   | 2 3 4 5 6 7 8 |  8.7
Stealth        | 3 4 5 6 |  6.1
Air Magic      | 1 2 3 4 5 6 7 |  7.1
Poison Magic   | 1 2 4 |  4.2
Dodging        | 3 4 5 6 7 8 9 |  9.0
Hexes          | 1 2 3 5 6 7 8 9 |  9.9
Fighting       | 1 2 3 4 5 |  5.7
Summonings     | 2 3 5 6 |  6.7
Charms         | 2 4 5 6 8 |  8.6
Invocations    | 1 2 4 5 6 |  6.4
Evocations     | 1 3 5 6 |  6.9
Necromancy     | 3 |  3.6
Translocations | |  1.1

Action                   |  1- 3 |  4- 6 |  7- 9 | 10-12 | 13-15 || total
-------------------------+-------+-------+-------+-------+-------++-------
Melee: Dagger            |     7 |    14 |     1 |       |       ||    22
       Spear             |       |       |    96 |    95 |       ||   191
       Rapier            |       |       |       |   284 |   191 ||   475
 Cast: Magic Dart        |    77 |   187 |   398 |  1115 |   181 ||  1958
       Repel Missiles    |     1 |       |       |       |       ||     1
       Call Imp          |     3 |     3 |     6 |    11 |       ||    23
       Mephitic Cloud    |       |     3 |    36 |   101 |    15 ||   155
       Blink             |       |     1 |     8 |    22 |    20 ||    51
       Conjure Flame     |       |       |    18 |    46 |       ||    64
       Invisibility      |       |       |       |    23 |    14 ||    37
       Summon Butterflie |       |       |       |     1 |       ||     1
       Olgreb's Toxic Ra |       |       |       |     5 |    28 ||    33
       Summon Lightning  |       |       |       |     5 |    16 ||    21
       Regeneration      |       |       |       |     4 |     6 ||    10
       Summon Ice Beast  |       |       |       |     2 |    21 ||    23
       Slow              |       |       |       |     1 |     1 ||     2
       Deflect Missiles  |       |       |       |     1 |       ||     1
       Metabolic Englaci |       |       |       |       |    15 ||    15
Invok: Forget Spell      |       |       |       |     4 |       ||     4
       Depart the Abyss  |       |       |       |       |     1 ||     1
Evoke: Wand              |       |       |       |    13 |     9 ||    22
  Use: Scroll            |       |       |     8 |     4 |    10 ||    22
       Potion            |       |       |       |     6 |     9 ||    15
 Stab: Sleeping          |       |     1 |     3 |     3 |       ||     7
       Confused          |       |       |     7 |    18 |     3 ||    28
       Distracted        |       |       |       |     1 |       ||     1
       Invisible         |       |       |       |    22 |    10 ||    32
  Eat: Chunk             |     2 |     9 |     9 |    38 |    19 ||    77
       Meat ration       |       |       |     2 |     3 |     3 ||     8
       Pizza             |       |       |       |     1 |       ||     1
Armor: Robe              |     4 |     8 |    20 |    90 |    60 ||   182
Dodge: Dodged            |    12 |    30 |    62 |   568 |   234 ||   906
       Deflected         |       |     1 |     5 |     9 |     2 ||    17
